Cogmind - Beta 13 @@@ ROGUE MODE // 2024.04.29 @ 20:09:45 Player: A Foxgirl OWO Result: Self-destructed Performance ------------- Evolutions (1) 500 Regions Visited (3) 600 Robots Destroyed (22) 110 Value Destroyed (432) 432 Prototype IDs (5) 100 Alien Tech Used (0) 0 Bonus (0) 0 TOTAL SCORE: 1742 Bonus ------- None Cogmind --------- Core Integrity 372/400 Matter 221/300 Energy 250/250 System Corruption 0% Temperature Cool (6) Movement Walking (190) Ox1 Location -9/Materials Parts ------- > --- POWER (1) -------- Ion Engine > --- PROPULSION (3) --- Aluminum Leg Aluminum Leg Aluminum Leg > --- UTILITY (3) ------ High-capacity Storage Unit > --- WEAPON (2) ------- (None) > --- INVENTORY (20) --- Ion Engine Aluminum Leg Aluminum Leg Aluminum Leg Aluminum Leg Wheel Small Storage Unit Sensor Array Signal Interpreter Signal Interpreter Propulsion Shielding Grenade Launcher Peak State ------------ > --- POWER ------------ Ion Engine > --- PROPULSION ------- Aluminum Leg Aluminum Leg Aluminum Leg > --- UTILITY ---------- High-capacity Storage Unit Seismic Detector > --- WEAPON ----------- Assault Rifle Light Assault Rifle > --- INVENTORY -------- Ion Engine Aluminum Leg Aluminum Leg Aluminum Leg Aluminum Leg Wheel Small Storage Unit Sensor Array Signal Interpreter Signal Interpreter Propulsion Shielding Grenade Launcher [Rating: 9] Favorites ----------- Power Ion Engine Engine Ion Engine Propulsion Aluminum Leg Treads Light Treads Leg Aluminum Leg Utility Seismic Detector Device Seismic Detector Storage High-capacity Storage Unit Weapon Assault Rifle Ballistic Gun Assault Rifle Build | -11 -10 -10 -9 ------- Run | Yrd Mat Min Mat Slots Evolved 2 | . . . 2 Power . | . . . . Propulsion 1 | . . . 1 Utility 1 | . . . 1 Weapon . | . . . . Parts Attached 26 | 7 11 5 3 Power 6 | 1 3 1 1 Engine 6 | 1 3 1 1 Core . | . . . . Reactor . | . . . . Propulsion 9 | 2 2 3 2 Treads 2 | 2 . . . Leg 7 | . 2 3 2 Wheel . | . . . . Hover . | . . . . Flight . | . . . . Utility 4 | 2 2 . . Device 2 | 1 1 . . Storage 2 | 1 1 . . Processor . | . . . . Hackware . | . . . . Protection . | . . . . Artifact . | . . . . Weapon 7 | 2 4 1 . Energy Gun . | . . . . Energy Cannon . | . . . . Ballistic Gun 7 | 2 4 1 . Ballistic Cannon . | . . . . Launcher . | . . . . Special Weapon . | . . . . Impact Weapon . | . . . . Slashing Weapon . | . . . . Piercing Weapon . | . . . . Special Melee Weapon . | . . . . Unidentified Prototypes . | . . . . Parts Lost 7 | . 3 1 3 Power 2 | . 2 . . Propulsion . | . . . . Utility 1 | . . . 1 Weapon 4 | . 1 1 2 Highest Loss Streak 3 | . 1 1 3 To Critical Strikes . | . . . . Average Slot Usage (%) 94 | . 93 97 86 Engine 11 | . 10 14 11 Treads 9 | . 16 . . Leg 18 | . 11 28 33 Device 13 | . 13 14 9 Storage 13 | . 14 14 11 Ballistic Gun 25 | . 25 25 22 Naked Turns . | . . . . Heaviest Build 50 | 12 50 50 49 Greatest Support 40 | 40 40 20 30 Greatest Overweight (x) 4 | . 4 2 1 Average Overweight (x) 1 | . 1 2 1 Largest Inventory Capacity 20 | 8 20 20 20 Average Capacity 19 | 7 19 20 20 Most Carried 13 | 5 11 13 12 Average Carried 10 | 3 9 12 12 Final Capacity 20 | 8 20 20 20 Final Carried 13 | 5 10 13 12 Class Distribution -------------------- 59% | Scavenger-Mutant 40% | Mutant Dominant Class ---------------- Mutant | -10/Materials Scavenger-Mutant | -10/Mines Mutant | -9/Materials Resources | -11 -10 -10 -9 ----------- Run | Yrd Mat Min Mat Matter Collected 776 | 234 289 253 . Remotely . | . . . . Salvage Created 545 | 28 300 198 19 Parts 41 | 3 24 12 2 Haulers Intercepted . | . . . . Recyclers Shooed . | . . . . Parts Field Recycled . | . . . . Retrieved Matter . | . . . . Parts Self-Destructed . | . . . . Prevented . | . . . . Kills | -11 -10 -10 -9 ------- Run | Yrd Mat Min Mat Combat Hostiles Destroyed 20 | . 13 6 1 Guns 20 | . 13 6 1 Classes Destroyed 3 | 1 2 . . Tunneler 2 | 1 1 . . Swarmer 12 | . 9 2 1 Grunt 8 | . 4 4 . Best Kill Streak 3 | 1 3 2 1 Combat Bots Only 3 | . 3 2 1 Max Kills in Single Turn 1 | 1 1 1 1 Gunslinging . | . . . . Exploded . | . . . . Melee . | . . . . Uniques/NPCs Destroyed . | . . . . Combat | -11 -10 -10 -9 -------- Run | Yrd Mat Min Mat Hostile Shots Fired 190 | . 84 67 39 Missed 52 | . 22 14 16 Damage Taken 1463 | . 741 523 199 Core 253 | . 122 103 28 Absorbed by Shields . | . . . . Regen/Repaired (Parts) 118 | . 118 . . Core Remaining (%) 55 | 100 . 10 . Volleys Fired 92 | 3 46 37 6 Largest 2 | 2 2 2 2 Hottest 40 | 40 40 40 40 Shots Fired 172 | 6 93 61 12 Gun 172 | 6 93 61 12 Cannon . | . . . . Launcher . | . . . . Special . | . . . . Kinetic 172 | 6 93 61 12 Thermal . | . . . . Explosive . | . . . . Electromagnetic . | . . . . Robot Hit Streak 8 | 4 7 8 3 Robot Miss Streak 6 | 1 6 6 3 Penetration Max . | . . . . Secondary Targets 5 | . 4 1 . Max Gunslinging Chain 1 | . 1 1 . Shots Hit Robots 90 | 4 47 33 6 Core Hits 38 | 2 22 12 2 Critical Kills . | . . . . Critical Parts Destroyed 1 | . . 1 . Critical Strikes 1 | . . 1 . Destroy 1 | . . 1 . Melee Attacks . | . . . . Impact . | . . . . Slashing . | . . . . Piercing . | . . . . Sneak Attacks . | . . . . Combat Hostiles . | . . . . Follow-up Attacks . | . . . . Damage Inflicted 1046 | 40 523 413 70 Guns 1037 | 40 514 413 70 Cannons . | . . . . Explosions . | . . . . Melee . | . . . . Ramming 9 | . 9 . . Kinetic 1037 | 40 514 413 70 Thermal . | . . . . Explosive . | . . . . Electromagnetic . | . . . . Impact . | . . . . Slashing . | . . . . Piercing . | . . . . Highest Corruption 1 | . 1 1 . Average Corruption 1 | . 1 1 . Corruption Purged . | . . . . Corruption Blocked . | . . . . Effects 26 | . 18 8 . Message Errors 8 | . 4 4 . Matter Fused 5 | . 3 2 . Heat Flow Errors 4 | . 4 . . Energy Discharges 1 | . 1 . . Data Loss (minor) 1 | . 1 . . Data Loss (major) 2 | . 1 1 . Misfires 2 | . 2 . . Alerts 1 | . 1 . . Weapon Failures 2 | . 1 1 . Overload Shots . | . . . . Overflow Damage . | . . . . Projectiles . | . . . . Explosions . | . . . . Melee . | . . . . Knockbacks . | . . . . Impact . | . . . . Kinetic . | . . . . Secondary . | . . . . Self-Inflicted Damage . | . . . . Shots . | . . . . Rammed 1 | . 1 . . Targets Rammed 1 | . 1 . . Kicked . | . . . . Crushed . | . . . . Highest Temperature 244 | . 244 27 3 Average Temperature 59 | . 71 9 3 Received Heat Transfer 342 | . 150 180 12 Siege Activations . | . . . . Robots Corrupted . | . . . . Combat Hostiles . | . . . . Parts Fried . | . . . . Impact Corruptions . | . . . . Robots Melted . | . . . . Combat Hostiles . | . . . . Parts Melted . | . . . . Heat Transferred . | . . . . Parts Sabotaged . | . . . . Parts Stolen . | . . . . Parts Stripped . | . . . . Power Chain Reactions . | . . . . Alert | -11 -10 -10 -9 ------- Run | Yrd Mat Min Mat Peak Influence 220 | 5 220 125 50 Initial 3 | . 3 . . Average 63 | 1 88 32 19 Maximum Alert Level 1 | . 1 . . Low Security (%) 94 | 100 90 100 100 Level 1 5 | . 9 . . Level 2 . | . . . . Level 3 . | . . . . Level 4 . | . . . . Level 5 . | . . . . High Security . | . . . . Max Security . | . . . . Squads Dispatched 3 | . 2 . 1 Investigation . | . . . . Extermination . | . . . . Reinforcement 3 | . 2 . 1 Assault . | . . . . Garrison . | . . . . Intercept . | . . . . Searches Triggered . | . . . . Construction Impeded . | . . . . Haulers Reinforced . | . . . . Active Scanning Responses . | . . . . Cargo Convoy Interrupts . | . . . . Stealth | -11 -10 -10 -9 --------- Run | Yrd Mat Min Mat Distress Signals 2 | . 1 . 1 Communications Jammed . | . . . . Distress Signals . | . . . . Times Spotted 55 | . 36 10 9 Peak Tracking Total 8 | . 5 3 8 Tactical Retreats 5 | . 2 3 . Traps | -11 -10 -10 -9 ------- Run | Yrd Mat Min Mat Traps Triggered 2 | . 2 . . Indirectly . | . . . . Trap Hack Attempts . | . . . . Triggered . | . . . . Disarmed . | . . . . Reprogrammed . | . . . . Reused . | . . . . Traps Extracted . | . . . . Installed . | . . . . Triggered . | . . . . Machines | -11 -10 -10 -9 ---------- Run | Yrd Mat Min Mat Machines Disabled . | . . . . Max in Single Turn . | . . . . Machines Repaired . | . . . . Machines Dismantled . | . . . . Machines Sabotaged . | . . . . Overloaded Fab Kills . | . . . . Hacking | -11 -10 -10 -9 --------- Run | Yrd Mat Min Mat Machines Accessed 9 | . 8 . 1 Terminals 7 | . 6 . 1 Fabricators . | . . . . Repair Stations 1 | . 1 . . Recycling Units 1 | . 1 . . Scanalyzers . | . . . . Garrison Access . | . . . . Total Hacks 26 | . 22 . 4 Successful 15 | . 13 . 2 Failed 11 | . 9 . 2 Catastrophic 2 | . 2 . . Database Lockouts . | . . . . Manual 7 | . 6 . 1 Terminals 18 | . 14 . 4 Fabricators . | . . . . Repair Stations 7 | . 7 . . Recycling Units 1 | . 1 . . Scanalyzers . | . . . . Garrison Access . | . . . . Terminal Hacks 8 | . 6 . 2 Prototype ID Bank 4 | . 3 . 1 Branch Access Points 1 | . 1 . . Locate Traps 1 | . . . 1 Hauler Manifests 1 | . 1 . . Zone Layout 1 | . 1 . . Fabricator Hacks . | . . . . Repair Station Hacks 6 | . 6 . . Scan Component 3 | . 3 . . Repair 3 | . 3 . . Recycling Unit Hacks 1 | . 1 . . Report Inventory 1 | . 1 . . Scanalyzer . | . . . . Garrison Access Hacks . | . . . . Unauthorized Hacks . | . . . . Terminals . | . . . . Fabricators . | . . . . Repair Stations . | . . . . Recycling Units . | . . . . Scanalyzers . | . . . . Garrison Access . | . . . . Data Cores Recovered . | . . . . Used . | . . . . Hacking Detections 7 | . 7 . . Full Trace Events . | . . . . Feedback Events . | . . . . Feedback Blocked . | . . . . Robot Schematics Acquired . | . . . . Robots Built . | . . . . Authchips . | . . . . Time . | . . . . Total Robot Build Rating . | . . . . Part Schematics Acquired . | . . . . Parts Built . | . . . . Authchips . | . . . . Time . | . . . . Total Part Build Rating . | . . . . Parts Repaired 3 | . 3 . . Time 78 | . 78 . . Parts Recycled . | . . . . Recycled Matter . | . . . . Retrieved Matter . | . . . . Retrieved Components . | . . . . Parts Scanalyzed . | . . . . Part Schematics Acquired . | . . . . Parts Damaged . | . . . . Bothacking | -11 -10 -10 -9 ------------ Run | Yrd Mat Min Mat Used RIF Installer . | . . . . Robots Hacked . | . . . . Non-combat . | . . . . Combat . | . . . . Robot Hacks Applied . | . . . . Relay Couplers Released . | . . . . Fabnet Peak Effective % . | . . . . Robots Rewired . | . . . . Allies Hacked . | . . . . Hacks Repelled . | . . . . Allies | -11 -10 -10 -9 -------- Run | Yrd Mat Min Mat Total Allies . | . . . . Largest Group . | . . . . Highest-Rated Group . | . . . . Highest-Rated Ally . | . . . . Total Orders . | . . . . Ally Attacks . | . . . . Total Damage . | . . . . Kills . | . . . . Allies Corrupted . | . . . . Allies Melted . | . . . . Intel | -11 -10 -10 -9 ------- Run | Yrd Mat Min Mat Robot Analysis Total . | . . . . Derelict Logs Recovered 1 | . . 1 . Drone Launches . | . . . . Drone Recoveries . | . . . . Exploration | -11 -10 -10 -9 ------------- Run | Yrd Mat Min Mat Turns Passed 3790 | 146 2195 1387 62 Spaces Moved 1319 | 79 778 442 20 Core 3 | 3 . . . Treads 534 | 76 458 . . Legs 782 | . 320 442 20 Wheels . | . . . . Hover . | . . . . Flight . | . . . . Fastest Speed 50 | 50 160 260 190 Average Speed 244 | 155 246 260 190 Slowest Speed 400 | 160 400 260 190 Overloaded Moves . | . . . . Propulsion Burnouts . | . . . . Robots Hopped . | . . . . Cave-ins Triggered . | . . . . Exploration Rate (%) 45 | 5 92 77 7 Regions Visited 3 Branch Regions 1 Pre-discovered Areas 1 | . . 1 . Known Exits Taken 1 | . 1 . . Unknown Exits Taken 2 | 1 . 1 . Scrap Searched . | . . . . Spaces Dug . | . . . . Terrain Destroyed . | . . . . Melee . | . . . . Projectile . | . . . . AOE . | . . . . Terrain Rammed . | . . . . Walls Destroyed . | . . . . Machines Disabled . | . . . . Actions | -11 -10 -10 -9 --------- Run | Yrd Mat Min Mat Total 1714 | 93 971 618 32 Wait 267 | . 129 135 3 Move 1316 | 78 777 441 20 Hop . | . . . . Pick Up 10 | 5 5 . . Fast Attach 13 | 7 6 . . Attach 4 | . 2 1 1 Detach . | . . . . Swap 9 | . 3 4 2 Drop 2 | . 2 . . Fire 92 | 3 46 37 6 Melee . | . . . . Ram . | . . . . Kick . | . . . . Crush 1 | . 1 . . Escape Stasis . | . . . . Rewire . | . . . . Trap . | . . . . Miscellaneous . | . . . . Route ------- -11/Scrapyard -10/Materials (discovered 4 exits: *Mat x3 / *Min) -10/Mines -9/Materials (discovered 1 exit: Mat) History --------- Turn | Location | Event 34 | -11/Scrapyard | Discovered new exit (range 15) 147 | -11/Scrapyard | Entered Materials 301 | -10/Materials | Build established: Mutant 555 | -10/Materials | Discovered new exit (range 7) 708 | -10/Materials | Discovered new exit (range 6) 1217 | -10/Materials | Identified exit to Mines 1329 | -10/Materials | Discovered new exit (range 15) 1709 | -10/Materials | Build established: Scavenger-Mutant 2073 | -10/Materials | Repaired Assault Rifle 2101 | -10/Materials | Repaired Ion Engine 2128 | -10/Materials | Repaired Seismic Detector 2156 | -10/Materials | Discovered new exit (range 4) 2342 | -10/Materials | Entered Mines 2343 | -10/Mines | Learned location of Storage (-7) 2375 | -10/Mines | Met a Derelict bent on vengeance 2502 | -10/Mines | Core integrity fell below 50% 2918 | -10/Mines | Learned location of 1 exit from Materials 2957 | -10/Mines | Core integrity fell below 20% 3489 | -10/Mines | Discovered new exit (range 5) 3729 | -10/Mines | Entered Materials 3729 | -9/Materials | Evolved 2 slots: Propulsion x1, Utility x1 3730 | -9/Materials | Identified exit to Materials 3791 | -9/Materials | Self-destructed Last Messages --------------- O-16 Technician: "IFF HANDSHAKE FAILED. SECURING TERMINAL." ALERT: Hostiles spotted, dispatching reinforcements to Terminal M006. Connecting with Terminal... Current location identified: Materials >>Prototypes Downloading prototype IDs... Cld. Ion Engine Imp. Medium Laser >>Traps(Locate) Found 1 trap in 1 array: 1x Alarm Trap Map updated. W-16 Scout sends out distress signal. S-10 Pest destroyed. Seismic Detector destroyed. Destroyed Flight Unit. Lgt. Assault Rifle destroyed. Assault Rifle destroyed. Map ----- +----------------------------------------------------+ | ????????????????????????????????????? | | ????????????????????????????????????? | | ????????????????????????????????????? | | ????????????????????????????????????? | | ????????????????????????????????????? | | ????????????????????????????????????? | | ????????????????????????????????????? | | ????????????????????????????????????? | | ????????????????????????????????????? | | ???????????? ?????????????????????? | | ???????????# ss#????????????????????? | | ???????????# #????????????????????? | | ???????????# #????????????????????? | | ???????????# #????????????????????? | | ???????????# #????????????????????? | | ???????????# #???#######??????????? | | ???????????# #??? ???????????? | | ???????????# #??? ????????????? | | ???????????# #??? ?????????????? | | ???????????# #??? #?????????????? | | ?#########?# #??# #?????????????? | | ?# ?# #??# #?????????????? | | ?# # #### #?????????????? | | ?# # #?????????????? | | ?# rs +?????????????? | | ?# #@ T #?????????????? | | ?# %= # w #?????????????? | | ?# = ?# """ g #?????????????? | | ?# ?# """ #?????????????? | | ?########??# """ ##### #???????? | | ???????????# #??????? | | ???????????# ^??? | | ???????????# ???? | | ???????????# ########### ???? | | ???????????# #??????????? ????? | | ???????????# #???????????? ???? | | ???????????# #????????????? ????? | | ???????????#####???????????????#????? | | ????????????????????????????????????? | | ????????????????????????????????????? | | ????????????????????????????????????? | | ????????????????????????????????????? | | ????????????????????????????????????? | | ????????????????????????????????????? | | ????????????????????????????????????? | | ????????????????????????????????????? | | ????????????????????????????????????? | | ????????????????????????????????????? | | ????????????????????????????????????? | | ????????????????????????????????????? | +----------------------------------------------------+ Best States ------------- Heat Dissipation 28 Energy Generation 10 Energy Capacity 250 Matter Stores 300 Matter Capacity 300 Sight Range 16 Terrain Scan Density 10 Evasion (%) 40 Recoil Reduction 2 Item Schematics ----------------- None Robot Schematics ------------------ None Fabricated ------------ Nothing Alien Tech Used ----------------- None Achievements -------------- None Challenges ------------ None Game ------ Seed ThrowingWeaponBarrier Manual? 0 Play Time 00:15:26 Cumulative 14.4 hours Start 2024.04.29 @ 19:54:51 End 2024.04.29 @ 20:09:45 Sessions 1 Manual Loads 0 Difficulty Rogue Special Mode None Game No. 35 Rogue 35 Adventurer 0 Explorer 0 Win Type - Total 0 Types 0/0/0/0/0/0/0/0/0 Lore% 15 Gallery% 15 Achievement% 12 Wizard Run 0 Options --------- Layout 1 ASCII 0 Keyboard 0 Movement Mouse Keybinds 0 Fullscreen 0 Font 42/SmallcapsGlow Map View 50x35 Zoom Use 0% Tactical HUD 0 Map Filters NONE Filters NONE Steam 1 RUN: 8cee9b3f-70c8-4733-a316-874da70d487b